 Dungeon Crawl Stone Soup version 0.31-a0-640-g39d97e502b (webtiles) character file.

Game seed: 4233833405610880993

538362 turgid the Slayer (level 24, -4/236 HPs)
             Began as a Minotaur Berserker on Aug 27, 2023.
             Was a High Priest of Trog.
             Splashed by an acid blob's acid (5 damage)
             ... on level 4 of the Pits of Slime.
             The game lasted 01:51:20 (63573 turns).

turgid the Slayer (Minotaur Berserker)             Turns: 63573, Time: 01:51:21

Health: -4/236     AC: 26    Str: 31    XL:     24   Next: 65%
Magic:  7/22       EV: 17    Int: 15    God:    Trog [*****.]
Gold:   3972       SH: 10    Dex: 16    Spells: 23/23 levels left

rFire   + + .        X - +8 demon whip (heavy)
rCold   + . .        B - +1 buckler {rC+ rF+}
rNeg    + . .        R - +8 orange crystal plate armour {Archmagi, Int+3 Clar}
rPois   +            w - +2 hat
rElec   .            I - +1 cloak "Kacsebol" {rF+ Slay+2}
rCorr   +            U - +1 pair of gloves {Str+3}
SInv    .            A - +2 pair of boots of Insurance {-Cast rN+ Dex+3 Slay+3}
Will    +....        Y - amulet of Vitality {RegenMP++ Regen++} Stlth
                     a - ring "Lacs" {Fly rPois Str-3 Int+8}
HPRegen 0.00/turn    J - ring of resist corrosion
MPRegen 0.98/turn

%: no spellcasting, clarity, archmagi
@: corroded, flying, inhibited regen, studying Staves
A: horns 2, retaliatory headbutt, deformed body, inhibited regeneration,
inability to read after injury 1, devolution 1
}: 3/15 runes: barnacled, silver, gossamer
a: Renounce Religion, Berserk, Trog's Hand, Brothers in Arms


You were on level 4 of the Pits of Slime.
You worshipped Trog.
Trog was extremely pleased with you.
You visited 9 branches of the dungeon, and saw 47 of its levels.
You visited the Abyss 3 times.
You also visited: Sewer.

You collected 8524 gold pieces.
You spent 4552 gold pieces at shops.

Inventory:

Hand Weapons
 p - the +8 arc blade {discharge, rElec}
   (You took it off a vault guard on level 5 of the Vaults)

   rElec:     It insulates you from electricity.
 X - a +8 heavy demon whip (weapon)
Armour
 b - +5 gold dragon scales
 w - a +2 hat (worn)
 A - the +2 pair of boots of Insurance (worn) {-Cast rN+ Dex+3 Slay+3}
   (You bought it in a shop on level 2 of the Orcish Mines)

   Dex+3:     It affects your dexterity (+3).
   Slay+3:    It affects your accuracy & damage with ranged weapons and melee
   (+3).
   rN+:       It protects you from negative energy.
   -Cast:     It prevents spellcasting.
 B - a +1 buckler of resistance (worn)
 F - a +3 buckler of reflection
 I - the +1 cloak "Kacsebol" (worn) {rF+ Slay+2}
   (You found it on level 8 of the Dungeon)

   Slay+2:    It affects your accuracy & damage with ranged weapons and melee
   (+2).
   rF+:       It protects you from fire.
 Q - the +0 chain mail "Fuck" {Drain rC- Will+ Int+8}
   (You bought it in a shop on level 10 of the Dungeon)

   Int+8:     It affects your intelligence (+8).
   rC-:       It makes you vulnerable to cold.
   Will+:     It increases your willpower.
   Drain:     It drains your maximum health when unequipped.
 R - the +8 orange crystal plate armour (worn) {Archmagi, Int+3 Clar}
   (You found it on level 11 of the Dungeon)

   Int+3:     It affects your intelligence (+3).
   Clar:      It protects you from confusion, rage, mesmerisation and fear.
 U - a +1 pair of gloves of strength (worn)
Jewellery
 a - the ring "Lacs" (left hand) {Fly rPois Str-3 Int+8}
   (You bought it in a shop on level 2 of the Orcish Mines)

   [ring of poison resistance]

   Str-3:     It affects your strength (-3).
   Int+8:     It affects your intelligence (+8).
   rPois:     It protects you from poison Fly: It grants you flight.
 k - an amulet of guardian spirit
 q - an amulet of the acrobat
 t - an amulet of reflection
 G - a ring of protection from cold
 J - a ring of resist corrosion (right hand)
 Y - the amulet of Vitality (around neck) {RegenMP++ Regen++}
   (You bought it in a shop on level 2 of the Orcish Mines)

   [amulet of magic regeneration]

   RegenMP:   It increases your rate of magic regeneration.
   Regen++:   It increases your rate of health regeneration.
Wands
 e - a wand of mindburst (23)
 v - a wand of flame (77)
 E - a wand of digging (15)
 N - a wand of roots (16) (quivered)
 T - a wand of paralysis (33)
Scrolls
 d - a scroll of immolation
 f - 3 scrolls of silence
 i - 4 scrolls of blinking
 l - 7 scrolls of poison
 n - 14 scrolls of teleportation
 o - 7 scrolls of fog
 s - 7 scrolls of fear
 y - 5 scrolls of brand weapon
 z - 5 scrolls of summoning
 O - 15 scrolls of revelation
Potions
 c - 5 potions of invisibility
 g - 13 potions of enlightenment
 h - a potion of heal wounds
 j - 5 potions of cancellation
 r - 16 potions of curing
 u - 9 potions of mutation
 x - 8 potions of haste
 K - a potion of attraction
 M - 11 potions of might
 V - 4 potions of berserk rage
 W - 7 potions of ambrosia
Miscellaneous
 m - a phial of floods
 H - a lightning rod (4/4)
 L - a condenser vane
 Z - a phantom mirror


   Skills:
 + Level 23.4 Fighting
 + Level 23.4 Maces & Flails
 + Level 23.4 Armour
 + Level 21.6 Dodging
 + Level 18.9 Shields
 + Level 17.2 Evocations


You had 23 spell levels left.
You didn't know any spells.
Your spell library was empty.

Dungeon Overview and Level Annotations

Branches:
Dungeon (15/15)            Temple (0/1) D:5            Lair (5/5) D:11
 Shoals (4/4) Lair:3       Spider (4/4) Lair:3        Slime (5/5) Lair:4
    Orc (2/2) D:12            Elf (3/3) Orc:2        Vaults (5/5) D:13
  Crypt (0/3) Vaults:2     Depths (4/4) D:15            Zot (0/5) Depths:4
  Sewer (visited)

Altars:
Ashenzari
Dithmenos
Kikubaaqudgha
Makhleb
Qazlal
Vehumet
Wu Jian
Xom
Yredelemnul
Zin
The Shining One
Jiyva
Lugonu

Shops:
D:2 *   D:8 *   D:10 [   D:11 *   D:12 !   Orc:2 =[(:   Elf:2 !   Vaults:2 *
Vaults:4 (   Depths:3 ?

Portals:
Hell: Depths:1 Depths:2 Depths:3 Depths:4
Abyss: Lair:5 Depths:2 Depths:3
Pandemonium: Depths:2
Ziggurat: Depths:2
Trove: D:13 (give 5 scrolls of blinking)

Annotations:
D:10 1 runed translucent door, randomguy2701's ghost, journeyman HOFi
D:15 1 transporter
Shoals:2 3 runed translucent doors


Innate Abilities, Weirdness & Mutations

You have a pair of horns on your head.
You reflexively headbutt those who attack you in melee.
Armour fits poorly on your strangely shaped body.
You do not regenerate when monsters are visible.
You occasionally lose the ability to read scrolls when taking damage.
You have hidden genetic defects.


Message History

A slime creature comes into view.
You block the azure jelly's attack.
The azure jelly hits you but does no damage. x2
The azure jelly barely misses you.
Two slime creatures merge to form a large slime creature.
There is a stone staircase leading down, spattered with blood here.
You can't go up here!
Unknown command.
The acid blob hits you but does no damage.
The shining eye gazes at you.
Strange energies course through your body.
Your regeneration stops near monsters.
You block the azure jelly's attack. The azure jelly closely misses you.
You block the azure jelly's attack.
The azure jelly hits you but does no damage.
You fly downwards.
There is a stone staircase leading up here.
You punish the acid blob, causing immense pain!!!
Your hands burn!
* * * LOW HITPOINT WARNING * * *
You headbutt the acid blob!
The acid blob is severely wounded.
The acid blob spits acid at you. The splash of acid hits you! You resist.
* * * LOW HITPOINT WARNING * * *
The acid corrodes you! The azure jelly barely misses you.
The azure jelly hits you.
* * * LOW HITPOINT WARNING * * *
The azure jelly freezes you!! You resist.
* * * LOW HITPOINT WARNING * * *
The azure jelly hits you but does no damage. x2
You feel much better. The acid blob completely misses you.
The azure jelly hits you but does no damage.
The azure jelly misses you.
The azure jelly hits you but does no damage.
The azure jelly closely misses you.
A large slime creature splits.
The acid blob hits you!!
* * * LOW HITPOINT WARNING * * *
You are splashed with acid.
You resist.
You die...

#........#.......#####
#.#.#..........#..####
#...................##
##.............<.....##
#.........#..>........##
##.#....##............^#
####..................#
###.#...J.....#.#...#
#.......@J..#####.## ##
#......J.J...# ##
##.####.#.....#...# ##
#...#.##.......#.## ##.#
#.....#.......### #...
#....#....#....# #..
##..#......##.## #
#.........##### ######
##.......#.## ##.##..


You could see an acid blob, an azure jelly and 2 slime creatures.

Vanquished Creatures
  A dread lich (Abyss:3)
  2 juggernauts
  Josephina (Depths:4)
  Nikola (Elf:1)
  2 golden dragons
  A bone dragon (Abyss:3)
  A hellephant (Abyss:3)
  5 tentacled monstrosities
  Jorgrun (D:12)
  3 liches
  A quicksilver dragon (Depths:4)
  5 titans
  2 deep elf master archers (Elf:3)
  6 acid blobs
  A deep elf blademaster (Elf:3)
  4 tentacled starspawn (Abyss:3)
  A sphinx (shapeshifter) (Vaults:5)
  9 sphinxes
  An Executioner (Abyss:2)
  7 storm dragons
  2 krakens
  Aizul (Shoals:4)
  6 shadow dragons
  2 tengu reavers
  Ilsuiw (Shoals:2)
  A rockslime (shapeshifter) (Vaults:5)
  7 fire giants
  5 azure jellies
  2 rockslimes
  8 frost giants
  11 deep elf sorcerers
  A draconian scorcher (Depths:4)
  9 vault wardens
  3 emperor scorpions (Spider:4)
  4 ghost moths (Spider:4)
  Louise (Elf:3)
  4 spectral caustic shrikes (Depths:3)
  5 deep elf elementalists (Elf:3)
  20 ironbound preservers
  84 slime creatures
  5 quicksilver oozes
  2 orc warlords
  5 war gargoyles
  2 spriggan defenders
  5 formless jellyfish
  29 very ugly things
  6 ironbound thunderhulks
  A broodmother (Spider:3)
  9 stone giants
  8 vampire knights
  A green draconian (Depths:4)
  9 deep elf demonologists
  9 deep elf annihilators
  The ghost of Osyvawk the Marksdraconian, a journeyman DrMo of Hepliaklqana (Lair:4)
  A white draconian (Depths:4)
  Nessos (Orc:2)
  9 dire elephants
  5 spark wasps
  A yellow draconian (Depths:4)
  A red draconian (Depths:4)
  2 purple draconians (Depths:4)
  The ghost of Loveship the Devastator, a journeyman DsCj of Vehumet (Lair:5)
  An eidolon (Vaults:2)
  The ghost of Wavoedoo the Peltast, a journeyman MiFi of Trog (Lair:3)
  2 crystal guardians (Vaults:4)
  4 deep elf death magi
  9 fire dragons
  9 great orbs of eyes
  A jiangshi (Vaults:2)
  A spriggan zombie (Abyss:3)
  12 ettins
  7 merfolk impalers
  7 deep elf high priests
  3 merfolk javelineers
  12 entropy weavers
  19 yaktaur captains
  4 peacekeepers
  4 ogre magi (Vaults:5)
  A catoblepas (D:14)
  30 vault guards
  2 spriggan air magi
  2 hydras
  Erolcha (Orc:2)
  An alligator (shapeshifter) (Vaults:5)
  17 centaur warriors
  4 ice dragons
  A jorogumo (Spider:1)
  A juggernaut simulacrum (Depths:4)
  3 rakshasas
  2 alligator snapping turtles (Shoals:3)
  6 two-headed ogres
  3 radroaches (Spider:1)
  2 death knights
  7 ironbound frosthearts
  7 boulder beetles
  3 satyrs
  4 merfolk aquamancers (Shoals:4)
  25 dancing weapons
  2 merfolk avatars (Shoals:1)
  3 tengu warriors
  6 deep troll shamans
  15 thrashing horrors
  5 orc high priests
  6 deep troll earth magi
  10 demonic crawlers
  4 spriggan berserkers
  A vampire mage (Depths:1)
  12 hell knights
  23 deep elf knights
  A wretched star (Abyss:2)
  6 iron trolls
  4 pharaoh ants
  3 skysharks
  2 sun moths (Spider:4)
  4 glowing orange brains
  A shadow demon (Depths:2)
  12 orb spiders
  4 flayed ghosts
  A swamp dragon (shapeshifter) (Depths:4)
  10 sea snakes
  21 deep elf archers
  10 lindwurms
  55 deep trolls
  18 orc knights
  15 ironbound convokers
  5 steelbarb worms
  6 necromancers
  8 wizards
  A wolf spider zombie (D:15)
  9 harpies
  11 starcursed masses
  10 phantasmal warriors
  28 deep elf pyromancers
  A tengu skeleton (Vaults:4)
  34 deep elf zephyrmancers
  A manticore (shapeshifter) (Abyss:2)
  6 orc sorcerers
  34 ugly things
  3 shining eyes
  10 cyclopes
  8 manticores
  An oklob plant (Lair:4)
  2 salamanders (Depths:2)
  19 wolf spiders
  26 fauns
  15 large abominations
  4 moths of wrath
  8 merfolk sirens
  2 centaur zombies (D:15)
  16 vault sentinels
  An elf zombie (Vaults:3)
  2 black mambas
  4 torpor snails
  4 gargoyles
  2 smoke demons
  2 naga magi (D:15)
  7 water nymphs
  2 cane toads (shapeshifter)
  A water nymph (shapeshifter) (Vaults:4)
  2 eyes of devastation (Slime:3)
  An eye of devastation (shapeshifter) (Abyss:2)
  17 yaktaurs
  Maggie (D:8)
  13 cane toads
  2 unseen horrors
  5 rime drakes (Lair:3)
  A centaur skeleton (D:15)
  5 komodo dragons
  A kobold demonologist (D:13)
  2 komodo dragons (shapeshifter)
  3 ancient zymes (Abyss:3)
  3 ice devils
  A yaktaur skeleton (Vaults:3)
  A tengu conjurer (D:15)
  11 trolls
  44 merfolk
  A human skeleton (Vaults:3)
  A queen bee (Lair:5)
  5 meliai
  A queen bee (shapeshifter) (D:13)
  3 wind drakes
  2 polar bears (Lair:5)
  2 red devils (Depths:2)
  21 tarantellas
  12 hornets
  A wolf spider simulacrum (D:15)
  A hornet (shapeshifter) (D:14)
  26 blink frogs
  A harpy skeleton (Abyss:2)
  An iron dragon simulacrum (Depths:4)
  21 dream sheep
  6 raiju
  7 snapping turtles
  A stone giant simulacrum (Vaults:3)
  26 jumping spiders
  4 flying skulls (Abyss:3)
  2 vampires
  2 air elementals
  13 culicivoras
  3 shadows
  6 spriggans
  20 water elementals
  38 yaks
  8 ynoxinuls
  4 fire elementals
  6 wyverns
  4 golden eyes (Abyss:3)
  4 fire bats (Abyss:2)
  3 wraiths
  10 basilisks
  A human (D:13)
  51 redbacks
  8 vampire mosquitoes
  A steam dragon (D:8)
  8 chaos spawn
  An elf skeleton (Vaults:4)
  21 small abominations
  5 wargs
  An acid dragon (D:8)
  19 water moccasins
  7 hydra simulacra (Depths:2)
  Pargi (Sewer)
  2 floating eyes (shapeshifter) (Vaults:5)
  A glowing shapeshifter skeleton (Vaults:4)
  22 orc warriors
  3 sky beasts
  3 black bears
  3 ice beasts
  11 ogres
  18 wolves
  10 centaurs
  A phantom (D:5)
  15 bullfrogs
  7 kobold brigands
  Blork the orc (D:5)
  2 earth elementals
  A cane toad simulacrum (Lair:3)
  A gnoll sergeant (D:5)
  A scorpion (D:4)
  2 glowing shapeshifter simulacra (Depths:4)
  A skyshark simulacrum (Lair:3)
  9 wights
  13 killer bees
  3 dream sheep simulacra (Lair:3)
  A howler monkey (shapeshifter) (Vaults:4)
  3 vampire bats
  2 electric eels (D:14)
  5 howler monkeys
  2 quasits (Abyss:3)
  A human simulacrum (Vaults:3)
  A hound (D:5)
  An iron imp (Abyss:3)
  5 jellies
  A gnoll bouda (D:8)
  29 orc priests
  3 sleepcaps
  Terence (D:2)
  A scorpion zombie (D:4)
  9 iguanas
  28 orc wizards
  A basilisk simulacrum (Lair:3)
  A howler monkey zombie (D:4)
  9 gnolls
  13 adders
  A shadow imp (D:7)
  4 white imps
  2 ufetubi
  2 worms
  3 dart slugs
  60 orcs
  5 bat zombies (D:13)
  9 endoplasms
  2 giant cockroaches
  10 goblins
  12 hobgoblins
  3 jackals (D:2)
  28 kobolds
  9 quokkas
  5 ball pythons
  12 bats
  4 frilled lizards
  9 rats
  A lurking horror (Abyss:3)
  A spectral weapon (Vaults:3)
2042 creatures vanquished.

Vanquished Creatures (collateral kills)
  A fire giant (Depths:3)
  An orc warlord (Orc:1)
  3 ironbound preservers
  7 very ugly things
  An ironbound thunderhulk (Vaults:4)
  A vampire knight (Depths:2)
  A black draconian (Depths:4)
  A merfolk impaler (Shoals:3)
  An ettin (Depths:2)
  The ghost of Xisad the Phalangite, a journeyman TeMo of Hepliaklqana (Orc:1)
  3 great orbs of eyes
  A peacekeeper (Vaults:4)
  3 vault guards
  A merfolk aquamancer (Shoals:3)
  3 dancing weapons (Elf:2)
  A demonic crawler (Spider:3)
  2 tengu warriors
  A deep elf knight (Elf:2)
  6 hell knights
  2 pharaoh ants (Spider:3)
  A sun moth (Spider:3)
  An orb spider (Spider:1)
  8 deep trolls
  A necromancer (Depths:4)
  A lindwurm (Vaults:4)
  A deep elf archer (Elf:2)
  A steelbarb worm (Spider:3)
  A wolf spider (Spider:3)
  A deep elf pyromancer (Elf:2)
  An ugly thing (Depths:4)
  An orc sorcerer (Orc:2)
  2 cyclopes
  2 fauns (Shoals:4)
  A merfolk siren (Shoals:3)
  A vault sentinel (Vaults:3)
  2 unseen horrors (Depths:3)
  2 tengu conjurers
  2 meliai (Spider:3)
  5 merfolk
  11 jumping spiders (Spider:3)
  A slime creature (Vaults:3)
  A culicivora (Spider:3)
  2 wargs (D:11)
  2 chaos spawn (Depths:3)
  2 redbacks
  A large abomination (Depths:3)
  5 orc warriors
  2 orc priests (D:11)
  8 orc wizards
  A small abomination (Depths:3)
  4 orcs
  2 kobolds (D:11)
118 creatures vanquished.

Vanquished Creatures (others)
  A war gargoyle (Vaults:5)
  A dancing weapon (Elf:1)
  2 deep elf knights (Elf:3)
  3 deep elf zephyrmancers
  A moth of wrath (Spider:3)
  A culicivora (Spider:4)
  A water elemental (Elf:3)
  2 orc wizards (Orc:2)
  7 starspawn tentacles (Abyss:3)
  8 tentacles
27 creatures vanquished.

Grand Total: 2187 creatures vanquished

Notes
Turn   | Place    | Note
-------+----------+-------------------------------------------
     0 | D:1      | turgid the Minotaur Berserker began the quest for the Orb.
     0 | D:1      | Reached XP level 1. HP: 19/19 MP: 0/0
    95 | D:1      | Reached XP level 2. HP: 27/27 MP: 1/1
   721 | D:1      | Reached ** piety under Trog
   807 | D:2      | Reached XP level 3. HP: 33/33 MP: 2/2
  1127 | D:2      | Noticed Terence
  1136 | D:2      | Killed Terence
  1137 | D:2      | Reached XP level 4. HP: 34/41 MP: 3/3
  1184 | D:2      | Found Keabrin's Assorted Antiques.
  1193 | D:2      | Bought a scroll labelled GADEWA AKKITT for 21 gold pieces
  1193 | D:2      | Bought a scroll labelled SAGEURHASMI for 21 gold pieces
  1193 | D:2      | Bought a scroll labelled HIVITYIR AXTUEVOUK for 21 gold
                  | pieces
  1925 | D:3      | Reached *** piety under Trog
  2307 | D:4      | Reached XP level 5. HP: 29/47 MP: 4/4
  2316 | D:4      | Reached skill level 5 in Fighting
  2316 | D:4      | Reached skill level 5 in Maces & Flails
  2423 | D:4      | Reached XP level 6. HP: 49/56 MP: 5/5
  2925 | D:4      | Found a basalt altar of Yredelemnul.
  3071 | D:5      | Entered Level 5 of the Dungeon
  3072 | D:5      | Noticed Blork the orc
  3082 | D:5      | Killed Blork the orc
  3083 | D:5      | Reached skill level 5 in Armour
  3098 | D:5      | Reached XP level 7. HP: 59/62 MP: 6/6
  3122 | D:5      | Found a staircase to the Ecumenical Temple.
  3305 | D:5      | Reached **** piety under Trog
  3323 | D:5      | Found a glowing drain.
  3327 | Sewer    | Entered a sewer
  3345 | Sewer    | Noticed Pargi
  3353 | Sewer    | Killed Pargi
  3510 | D:5      | Reached skill level 5 in Dodging
  3665 | D:5      | Found a shadowy altar of Dithmenos.
  3971 | D:5      | Reached XP level 8. HP: 67/71 MP: 7/7
  4104 | D:5      | Identified the +0 chain mail of Wonder {MP-9 Int+6}
  5031 | D:6      | Reached XP level 9. HP: 79/81 MP: 8/8
  5205 | D:6      | Found a glowing golden altar of the Shining One.
  5896 | D:7      | Reached ***** piety under Trog
  6575 | D:7      | Found a broken altar of Ashenzari.
  6577 | D:7      | Found a stormy altar of Qazlal.
  6620 | D:7      | Found a radiant altar of Vehumet.
  6622 | D:7      | Found an ancient bone altar of Kikubaaqudgha.
  6705 | D:8      | Found Iceuhed's Demolitions Depot.
  6967 | D:8      | Reached skill level 1 in Evocations
  7021 | D:8      | Identified the +1 cloak "Kacsebol" {rF+ Slay+2}
  7024 | D:8      | Found an ornate altar of the Wu Jian Council.
  7061 | D:8      | Found a burning altar of Makhleb.
  7102 | D:8      | Noticed Maggie
  7123 | D:8      | Killed Maggie
  7347 | D:8      | Found a glowing silver altar of Zin.
  7657 | D:8      | Reached XP level 10. HP: 91/91 MP: 9/9
  7664 | D:8      | Received a gift from Trog
  9066 | D:10     | Entered Level 10 of the Dungeon
  9103 | D:10     | Noticed randomguy2701's ghost (journeyman HOFi)
  9113 | D:10     | Found a runed translucent door.
  9125 | D:10     | Reached skill level 10 in Fighting
  9125 | D:10     | Reached skill level 10 in Maces & Flails
  9524 | D:10     | Found Teuviax's Antique Armour Emporium.
  9533 | D:10     | Bought a smelly chain mail for 228 gold pieces
  9533 | D:10     | Identified the +0 chain mail "Fuck" {Drain rC- Will+ Int+8}
                  | (You bought it in a shop on level 10 of the Dungeon)
  9884 | D:11     | Reached skill level 10 in Armour
 10066 | D:11     | Noticed a manticore
 10066 | D:11     | Noticed a cyclops
 10083 | D:11     | Killed a manticore
 10084 | D:11     | Reached XP level 11. HP: 101/101 MP: 10/10
 10301 | D:11     | Found a staircase to the Lair.
 10534 | D:11     | Found the +8 orange crystal plate armour {Archmagi, Int+3
                  | Clar}
 10869 | D:11     | Found Rojar's Assorted Antiques.
 10874 | D:11     | Bought 3 scrolls labelled SAGEURHASMI for 66 gold pieces
 10874 | D:11     | Bought a scroll labelled EDUASO WINKE for 22 gold pieces
 10874 | D:11     | Bought a scroll labelled RIOTUM NIAWEU for 22 gold pieces
 10874 | D:11     | Bought a scroll labelled HIVITYIR AXTUEVOUK for 22 gold
                  | pieces
 10874 | D:11     | Bought 2 brown potions for 39 gold pieces
 10874 | D:11     | Bought a lumpy coppery potion for 19 gold pieces
 10874 | D:11     | Bought a puce potion for 19 gold pieces
 11075 | D:2      | Bought a scroll labelled SAGEURHASMI for 21 gold pieces
 11075 | D:2      | Bought a scroll labelled SEINKI TIFUW for 21 gold pieces
 11398 | D:11     | Noticed a two-headed ogre
 11406 | D:11     | Reached skill level 5 in Evocations
 11411 | D:11     | Killed a two-headed ogre
 11562 | D:12     | Reached skill level 10 in Dodging
 11613 | D:12     | Noticed Jorgrun
 11632 | D:12     | Killed Jorgrun
 11957 | D:12     | Noticed a two-headed ogre
 11968 | D:12     | Killed a two-headed ogre
 12062 | D:12     | Noticed a two-headed ogre
 12076 | D:12     | Killed a two-headed ogre
 12077 | D:12     | Reached XP level 12. HP: 91/111 MP: 11/11
 12156 | D:12     | Found Nulogom's Distillery.
 12162 | D:12     | Bought a potion of curing for 42 gold pieces
 12162 | D:12     | Bought a potion of heal wounds for 70 gold pieces
 12301 | D:12     | Found a staircase to the Orcish Mines.
 12637 | D:12     | Noticed a two-headed ogre
 12658 | D:12     | Killed a two-headed ogre
 12955 | D:13     | Found a portal to a secret trove of treasure.
 13125 | D:13     | Received a gift from Trog
 13231 | D:13     | Noticed a vault guard
 13944 | D:13     | Noticed a centaur warrior
 13970 | D:13     | Killed a centaur warrior
 14178 | D:13     | Noticed a boulder beetle
 14191 | D:13     | Killed a boulder beetle
 14287 | D:13     | Noticed a boulder beetle
 14303 | D:13     | Killed a boulder beetle
 14555 | D:13     | Found an ancient bone altar of Kikubaaqudgha.
 14599 | D:13     | Noticed a vault guard
 14846 | Lair:1   | Entered Level 1 of the Lair of Beasts
 15181 | Lair:1   | Identified the +3 scimitar of Xom's Hatred {protect, rCorr
                  | Str-5 Dex+4}
 15793 | Lair:2   | Noticed a boulder beetle
 15812 | Lair:2   | Killed a boulder beetle
 15865 | Lair:2   | Reached XP level 13. HP: 109/119 MP: 12/12
 16936 | Lair:3   | Found a runed translucent gate.
 16937 | Lair:3   | Found a runed translucent gate.
 16938 | Lair:3   | Found a runed translucent gate.
 17181 | Lair:3   | Found a hole to the Spider Nest.
 17766 | Lair:3   | Noticed Wavoedoo's ghost (journeyman MiFi)
 18088 | Lair:3   | Found a staircase to the Shoals.
 18678 | Lair:3   | Killed Wavoedoo's ghost
 19104 | Lair:4   | Found a staircase to the Slime Pits.
 19104 | Lair:4   | Found a viscous altar of Jiyva.
 19587 | Lair:4   | Noticed Osyvawk's ghost (journeyman DrMo)
 19601 | Lair:4   | Found a runed translucent door.
 19656 | Lair:4   | Identified the +2 leather armour of Philately {rPois rC+++
                  | Dex-2}
 20031 | Lair:4   | Reached ****** piety under Trog
 20655 | Lair:5   | Entered Level 5 of the Lair of Beasts
 21116 | Lair:5   | Reached XP level 14. HP: 116/132 MP: 13/13
 21196 | Lair:4   | Killed Osyvawk's ghost
 21419 | Lair:5   | Received a gift from Trog
 22073 | Lair:5   | Noticed Loveship's ghost (journeyman DsCj)
 22078 | Lair:5   | Found a transporter.
 22078 | Lair:5   | Found a transporter.
 22971 | Lair:5   | Reached skill level 1 in Shields
 22978 | Lair:5   | Found a corrupted altar of Lugonu.
 22978 | Lair:5   | Found a one-way gate to the infinite horrors of the Abyss.
 23197 | Lair:5   | Killed Loveship's ghost
 23376 | Orc:1    | Entered Level 1 of the Orcish Mines
 23540 | Orc:1    | Found a transporter.
 23559 | Orc:1    | Noticed Xisad's ghost (journeyman TeMo)
 23907 | Orc:1    | Noticed an orc warlord
 24321 | Orc:1    | Found a transporter.
 24592 | Orc:2    | Entered Level 2 of the Orcish Mines
 25073 | Orc:2    | Received a gift from Trog
 25155 | Orc:2    | Noticed Erolcha
 25162 | Orc:2    | Killed Erolcha
 25197 | Orc:2    | Reached skill level 15 in Fighting
 25208 | Orc:2    | Reached skill level 15 in Maces & Flails
 25299 | Orc:2    | Found Zeto Fiag's Antique Armour Shop.
 25299 | Orc:2    | Found Lexzerch's Jewellery Shop.
 25300 | Orc:2    | Found Pivukina's Antique Weapon Boutique.
 25307 | Orc:2    | Found Etoenir's Book Boutique.
 25309 | Orc:2    | Bought a pair of warped boots for 171 gold pieces
 25309 | Orc:2    | Identified the +2 pair of boots of Insurance {-Cast rN+
                  | Dex+3 Slay+3} (You bought it in a shop on level 2 of the
                  | Orcish Mines)
 25321 | Orc:2    | Bought the amulet of Vitality {RegenMP++ Regen++} for 1000
                  | gold pieces
 25321 | Orc:2    | Found the amulet of Vitality {RegenMP++ Regen++}
 25339 | Orc:2    | Noticed Nessos
 25344 | Orc:2    | Killed Nessos
 25451 | Orc:2    | Found a staircase to the Elven Halls.
 26385 | D:14     | Identified the +1 leather armour of the Twisting Gods {rC+
                  | Stlth+}
 26503 | D:14     | Identified the +2 leather armour of the Planets {Will++}
 26562 | D:14     | Identified the +4 spear of the Saviour {antimagic, rElec}
 26724 | D:14     | Reached skill level 15 in Armour
 26724 | D:14     | Reached XP level 15. HP: 138/141 MP: 14/14
 26852 | D:15     | Entered Level 15 of the Dungeon
 26911 | D:15     | Received a gift from Trog
 27496 | D:15     | Found a staircase to the Depths.
 27757 | D:15     | Reached skill level 10 in Evocations
 27961 | D:15     | Found a transporter.
 28069 | D:15     | Found a transporter.
 28142 | D:15     | Reached skill level 5 in Shields
 28611 | Orc:1    | Killed Xisad's ghost
 28790 | Shoals:1 | Entered Level 1 of the Shoals
 30022 | Shoals:2 | Received a gift from Trog
 30102 | Shoals:2 | Noticed Ilsuiw
 30112 | Shoals:2 | Noticed a kraken
 30122 | Shoals:2 | Killed a kraken
 30635 | Shoals:2 | Noticed a frost giant
 30636 | Shoals:2 | Found a runed translucent gate.
 30637 | Shoals:2 | Found a runed translucent gate.
 30638 | Shoals:2 | Found a runed translucent gate.
 30719 | Shoals:2 | Killed Ilsuiw
 31374 | Shoals:3 | Reached XP level 16. HP: 151/151 MP: 15/15
 32824 | Shoals:4 | Entered Level 4 of the Shoals
 32837 | Shoals:4 | Reached skill level 15 in Dodging
 33349 | Shoals:4 | Noticed Aizul
 33363 | Shoals:4 | Killed Aizul
 33748 | Shoals:4 | Got a barnacled rune of Zot
 33819 | Shoals:4 | Noticed a kraken
 33836 | Shoals:4 | Killed a kraken
 34676 | Spider:1 | Entered Level 1 of the Spider Nest
 35259 | Orc:2    | Bought the ring "Lacs" {Fly rPois Str-3 Int+8} for 396 gold
                  | pieces
 35550 | Spider:1 | HP: 4/155 [spark wasp (17)]
 35558 | Spider:1 | Reached XP level 17. HP: 54/161 MP: 16/16
 37322 | Spider:3 | Reached skill level 10 in Shields
 38096 | Slime:1  | Entered Level 1 of the Pits of Slime
 38216 | Spider:4 | Entered Level 4 of the Spider Nest
 40441 | Spider:4 | Reached XP level 18. HP: 171/171 MP: 0/17
 40693 | Spider:4 | Got a gossamer rune of Zot
 41044 | Elf:1    | Entered Level 1 of the Elven Halls
 41141 | Elf:1    | Received a gift from Trog
 41224 | Elf:1    | Identified the +5 falchion of Skirmishing {heavy, Fly}
 41772 | Elf:1    | Paralysed by an air elemental for 1 turns
 42214 | Elf:1    | Found a burning altar of Makhleb.
 42343 | Elf:1    | Noticed Nikola
 42361 | Elf:1    | Killed Nikola
 42361 | Elf:1    | Identified the +8 morningstar of Imbalance {flame, rCorr
                  | Dex+3} (Trog gifted it to you on level 1 of the Elven
                  | Halls)
 42361 | Elf:1    | Received a gift from Trog
 42420 | Elf:2    | Found Upu Peqe's Distillery.
 42488 | Elf:2    | Bought a potion of curing for 60 gold pieces
 42488 | Elf:2    | Bought a potion of invisibility for 160 gold pieces
 42863 | Elf:2    | Found a huge runed translucent gate.
 42863 | Elf:2    | Found a huge runed translucent gate.
 42866 | Elf:2    | Found a huge runed translucent gate.
 42867 | Elf:2    | Found a huge runed translucent gate.
 42870 | Elf:2    | Found a huge runed translucent gate.
 43370 | Elf:2    | Received a gift from Trog
 43590 | Elf:2    | Reached XP level 19. HP: 178/181 MP: 18/18
 43856 | Elf:3    | Entered Level 3 of the Elven Halls
 44111 | Elf:3    | Received a gift from Trog
 44304 | Elf:3    | Paralysed by an air elemental for 1 turns
 44311 | Elf:3    | Noticed Louise
 44328 | Abyss:2  | Cast into level 2 of the Abyss (Louise)
 44657 | Elf:3    | Escaped the Abyss
 44673 | Elf:3    | Killed Louise
 44789 | Elf:3    | Received a gift from Trog
 44795 | Elf:3    | Gained mutation: You occasionally lose the ability to read
                  | scrolls when taking damage. [a cacodemon]
 44817 | Elf:3    | Noticed a Brimstone Fiend
 44824 | Elf:3    | Noticed a Tzitzimitl
 44835 | Elf:3    | Noticed a Tzitzimitl
 45186 | D:8      | Bought a condenser vane for 400 gold pieces
 45500 | Abyss:3  | Cast into level 3 of the Abyss (a deep elf demonologist)
 45602 | Abyss:3  | Noticed a hellephant
 45651 | Abyss:3  | Killed a hellephant
 45733 | Elf:3    | Escaped the Abyss
 45862 | Elf:3    | Found the +7 mace of Variability {chaos, chaos arc}
 45865 | Elf:3    | Identified the +8 dagger "Ibromorhu" {speed, Fly Will+}
 45869 | Elf:3    | Noticed a Brimstone Fiend
 45932 | Elf:3    | Identified the +2 robe of Oblivion {Harm rElec rCorr}
 45944 | Elf:3    | Identified the +2 falchion "Foduq" {heavy, Fly rC- rCorr
                  | Dex+5}
 46446 | Depths:1 | Entered Level 1 of the Depths
 46459 | Depths:1 | Reached XP level 20. HP: 166/193 MP: 19/19
 46507 | Depths:1 | Found a gateway to Hell.
 46924 | D:13     | Received a gift from Trog
 47012 | D:13     | Found a gate to the Vaults.
 47026 | Vaults:1 | Entered Level 1 of the Vaults
 47540 | Vaults:1 | Paralysed by a great orb of eyes for 4 turns
 48510 | Vaults:2 | Found a staircase to the Crypt.
 48745 | Vaults:2 | Received a gift from Trog
 49039 | Vaults:2 | Found Konucveb's General Store.
 49047 | Vaults:2 | Bought a scroll of revelation for 105 gold pieces
 49047 | Vaults:2 | Bought a scroll of summoning for 133 gold pieces
 49047 | Vaults:2 | Bought a potion of might for 56 gold pieces
 49047 | Vaults:2 | Bought a wand of roots (5) for 168 gold pieces
 49613 | Vaults:2 | You are sucked into a shaft and drop 1 floor!
 49724 | Vaults:3 | Received a gift from Trog
 49756 | Vaults:3 | Reached XP level 21. HP: 96/202 MP: 20/20
 50128 | Vaults:3 | Reached skill level 15 in Shields
 51598 | Vaults:4 | Reached skill level 15 in Evocations
 51602 | Vaults:4 | Received a gift from Trog
 51770 | Vaults:4 | Found Bimmia's Antique Weapon Shop.
 52506 | Depths:1 | Found a shimmering altar of Xom.
 52581 | Depths:1 | Noticed a juggernaut
 52596 | Depths:1 | Killed a juggernaut
 52688 | Depths:1 | Paralysed by something for 2 turns
 53101 | Depths:2 | Reached XP level 22. HP: 144/213 MP: 21/21
 53105 | Depths:2 | Found a one-way gateway to a ziggurat.
 53271 | Depths:2 | Paralysed by a vampire knight for 2 turns
 53279 | Depths:2 | Paralysed by something for 3 turns
 53366 | Depths:2 | Received a gift from Trog
 53436 | Depths:2 | Found a one-way gate leading to the halls of Pandemonium.
 53564 | Depths:2 | Found a stormy altar of Qazlal.
 53890 | Depths:2 | Noticed a juggernaut
 53897 | Depths:2 | Killed a juggernaut
 54497 | Depths:3 | Noticed a golden dragon
 54506 | Depths:3 | Killed a golden dragon
 54756 | Depths:3 | Found Xegriuh's Magic Scroll Shop.
 54764 | Depths:3 | Bought 3 scrolls of teleportation for 135 gold pieces
 54764 | Depths:3 | Bought a scroll of enchant armour for 112 gold pieces
 54764 | Depths:3 | Bought a scroll of teleportation for 45 gold pieces
 54764 | Depths:3 | Bought a scroll of teleportation for 45 gold pieces
 54764 | Depths:3 | Bought a scroll of revelation for 112 gold pieces
 54764 | Depths:3 | Bought a scroll of silence for 142 gold pieces
 55275 | Depths:4 | Entered Level 4 of the Depths
 55458 | Depths:4 | Paralysed by a sphinx for 5 turns
 55667 | Depths:4 | Received a gift from Trog
 55788 | Depths:4 | Identified the staff "Oprut" {rC+ Str+2 Int+3 Ice}
 55788 | Depths:4 | Identified the ring "Qupsini" {Ice Int+3}
 55788 | Depths:4 | Noticed Josephina
 55797 | Depths:4 | Killed Josephina
 56110 | Depths:4 | Received a gift from Trog
 56118 | Depths:4 | Reached XP level 23. HP: 214/223 MP: 22/22
 56921 | Depths:4 | Found a gate to the Realm of Zot.
 57528 | D:12     | Bought a potion of curing for 42 gold pieces
 57528 | D:12     | Bought a potion of invisibility for 112 gold pieces
 57528 | D:12     | Bought a potion of might for 56 gold pieces
 57528 | D:12     | Bought a potion of curing for 42 gold pieces
 57528 | D:12     | Bought a potion of heal wounds for 70 gold pieces
 57675 | Vaults:2 | Bought 3 potions of mutation for 336 gold pieces
 57769 | Vaults:5 | Entered Level 5 of the Vaults
 58820 | Vaults:5 | Received a gift from Trog
 59006 | Vaults:5 | Identified the +2 hand axe "Salirgh" {holy, Drain rElec
                  | Will+ Str+3 Stlth+}
 59049 | Vaults:5 | Noticed a shard shrike
 59050 | Vaults:5 | a shard shrike changed into a juggernaut
 59050 | Vaults:5 | Noticed a juggernaut (glowing shapeshifter)
 59051 | Vaults:5 | a juggernaut changed into a rockslime
 59055 | Vaults:5 | Identified the +2 robe "Usaci" {Slay+4}
 59085 | Vaults:5 | Reached XP level 24. HP: 123/234 MP: 22/22
 59111 | Abyss:3  | Cast into level 3 of the Abyss (vault warden)
 59297 | Abyss:3  | Noticed a dread lich
 59305 | Abyss:3  | Killed a dread lich
 59411 | Vaults:5 | Escaped the Abyss
 60603 | Vaults:5 | Got a silver rune of Zot
 61368 | Slime:1  | Identified the +10 great mace of Zomad {antimagic, Will+}
                  | (Trog gifted it to you on level 1 of the Pits of Slime)
 61368 | Slime:1  | Received a gift from Trog
 61657 | Slime:1  | Found a viscous altar of Jiyva.
 61830 | Slime:2  | Gained mutation: Armour fits poorly on your strangely
                  | shaped body. [a shining eye]
 63177 | Slime:5  | Entered Level 5 of the Pits of Slime
 63509 | Slime:3  | Gained mutation: You have hidden genetic defects. [a
                  | shining eye]
 63570 | Slime:3  | Gained mutation: You do not regenerate when monsters are
                  | visible. [a shining eye]
 63572 | Slime:4  | HP: 6/236 [azure jelly (19)]
 63573 | Slime:4  | HP: 1/236 [acid blob (26)]
 63573 | Slime:4  | Splashed by an acid blob's acid

Illustrated notes

Levels and vault maps discovered:
D:1:      mainiacjoe_arrival_reflecting_pool, layout_loops_ring,
          minmay_heptomino_h4
D:2:      minmay_angry_zag, layout_basic, serial_shops, nicolae_square_shop,
          uniq_terence
D:3:      layout_rooms, corexii_shack
D:4:      layout_cave_pools, lemuel_zombie_altar_yredelemnul
D:5:      kennysheep_windowed_halls, layout_cave_pools,
          mainiacjoe_overflow_chevrons, minmay_temple_entry_mist,
          gup_sewer_entry_spiral, uniq_blork_the_orc
D:6:      layout_cave_pools, tso_metal_star, roderic_batcave,
          minmay_diced_spiral
D:7:      layout_cave_pods, nicolae_overflow_hidden_temple, serial_bayou_pond_c,
          kennysheep_generic_room_11
D:8:      layout_cave_pods, overflow_temple_1_default, lemuel_doored_altar,
          mainiacjoe_overflow_six_doors_small, grunt_decor_clamped,
          minmay_misc_feat_tiny, nicolae_blasting_shop, minmay_alternating_orb,
          uniq_maggie
D:9:      layout_roguey
D:10:     layout_long_grid, hellmonk_ghost_big_iron, serial_shops,
          nicolae_shop_stone
D:11:     layout_loops_ring, erik_lair_orcish_takeover, serial_shops,
          shop_statue, nicolae_two_hexagons
D:12:     layout_loops_corners, david_orc_3, serial_shops,
          kennysheep_little_box, uniq_jorgrun
D:13:     layout_basic, grunt_vaults_entry_fortified, enter_trove_2,
          minivault_25_ag, kennysheep_vampire_church
D:14:     layout_basic, nicolae_figureground_pulse, serial_rivers,
          chequers_serial_rivers_room_a, chequers_serial_rivers_marsh,
          chequers_serial_rivers_marsh, chequers_serial_rivers_micro_c,
          minmay_puff
D:15:     grunt_enter_depths_magical_seal, layout_basic,
          chequers_serial_rivers_micro_b, nicolae_diode_stairs
Lair:1:   layout_regular_city, infiniplex_staircase_pool_2
Lair:2:   layout_regular_city
Lair:3:   layout_long_grid, minmay_shoals_entry_hut, spider_nest_entry_webs,
          gammafunk_ghost_icy, st_stairs_10
Lair:4:   layout_small_grid, nicolae_slime_entry_field_trip,
          hellmonk_ghost_happy_afterlife
Lair:5:   hellmonk_lair_end_abyssal_woods, layout_loops_ring,
          gammafunk_ghost_hive, st_stairs_9, infiniplex_staircase_pool,
          grunt_megastairs_2
Shoals:1: layout_shoals
Shoals:2: layout_shoals, nicolae_shoals_beach_cooler, uniq_ilsuiw
Shoals:3: layout_shoals, nicolae_shoals_lost_giant_temple
Shoals:4: shoals_end_grunt_garden, layout_shoals, uniq_aizul
Spider:1: layout_spider_delve
Spider:2: layout_spider_delve
Spider:3: nicolae_spider_jumping_over_cracks [nicolae_spider_jumping_sub_narrow,
          nicolae_spider_jumping_sub_pools, nicolae_spider_jumping_sub_stairs,
          nicolae_spider_jumping_sub_lake]
Spider:4: spider_rune_water
Slime:1:  layout_caves, basic_altar
Slime:2:  layout_caves
Slime:3:  layout_caves, cheibrodos_slime_lost_civilization_5
Slime:4:  layout_caves
Slime:5:  slime_pit
Orc:1:    layout_caves, gammafunk_ghost_arena
Orc:2:    st_orc_mages, layout_diamond_mine, portal_ice_cave_demonic_guard,
          basic_altar, uniq_nessos, uniq_erolcha
Elf:1:    nicolae_elf_arrival_no_cutting_in_line, layout_geoelf_diagonals,
          hangedman_elf_represent, nicolae_elf_theology_debate, uniq_nikola
Elf:2:    elven_hall_of_blades_hangedman_alternative
          [nicolae_blade_entry_crossed_weapons], layout_onion_city,
          serial_shops, nicolae_shop_industrial_runoff
Elf:3:    minmay_elf_hall_not_hex, layout_geoelf_grid, uniq_louise
Vaults:1: vaults_mumra_minichess, nicolae_vaults_little_squares_6, v_misc_18,
          ontoclasm_vaults_loading_screen, nicolae_vaults_sesquioval_fish,
          ontoclasm_vaults_tryst, v_misc_3, vaults_mumra_lcd,
          nicolae_vaults_surprise_closet, layout_vaults_quadrants
Vaults:2: ontoclasm_vaults_shout, ontoclasm_vaults_gateway,
          ontoclasm_vaults_eye, ontoclasm_vaults_chip, v_misc_18,
          nicolae_vaults_lightning_bolt, v_misc_5,
          nicolae_vaults_offset_grid_hallway_1, minmay_crypt_entry_simple_plaza,
          grunt_vaults_hallway_short, nicolae_vaults_storage_closets_1,
          nicolae_vaults_tetromino_L_1, vaults_dpeg_emergency_exit,
          layout_vaults_ring, serial_shops, shop
Vaults:3: grunt_vaults_twisty, hangedman_vaults_slice,
          nicolae_vaults_what_the_h, v_misc_29,
          nicolae_vaults_closet_pinwheel_2, ontoclasm_vaults_spin,
          nicolae_vaults_trapezoid_4, nicolae_vaults_tetromino_T_2,
          nicolae_vaults_layer_cake_slice, st_cells, nicolae_vaults_theta,
          layout_vaults_maze
Vaults:4: nicolae_vaults_shelves_hall, nicolae_vaults_alarming, v_misc_30,
          vaults_room_guarded_vault, nicolae_vaults_storage_closets_3,
          vaults_room_hallway, nicolae_vaults_double_plus_3,
          vaults_mumra_hexcomb, nicolae_vaults_hexular_roomagon,
          grunt_vaults_focal, hangedman_vaults_cutoff, v_misc_11,
          layout_vaults_omnibox, serial_shops, shop
Vaults:5
Depths:1: layout_basic, chequers_serial_rivers_micro_b, hell_entry,
          xom_teletrap_fun, grunt_megastairs_1
Depths:2: cheibrodos_hall_of_evolution, layout_cave_pools, enter_ziggurat_a,
          rand_demon_pan_entry_3, nicolae_qazlal_eye_of_the_storm, abyss_entry,
          pf_hell_entry_great_geh, minmay_misc_feat_nine_boxes, abandoned_shop,
          serial_bayou_shore_b
Depths:3: kennysheep_blocky_hall, layout_cave_pools, serial_co_window_serial,
          co_window_corner_a, co_window_paths_a, co_window_paths_b,
          co_window_paths_a, co_window_paths_a, co_window_broadway_b,
          co_window_of_opportunity_b, co_window_of_opportunity_b,
          co_window_corner_cb, co_window_broadway_b, glass_columns_a,
          glass_columns_b, serial_shops, shop, minmay_room_of_horrors,
          pf_hell_entry_tar_river, chequers_serial_rivers_room_b,
          nrook_pool_corridor
Depths:4: grunt_runaround [grunt_runaround_doors_1, grunt_runaround_doors_2,
          grunt_runaround_doors_3, grunt_runaround_doors_4,
          grunt_runaround_zot], hell_entry, uniq_josephina, uniq_margery

Skill      XL: |  1  2  3  4  5  6  7  8  9 10 11 12 13 14 15 16 17 18 19 20 21 22 23 24 |
---------------+-------------------------------------------------------------------------+-----
Fighting       | 4 5 6 7 9 10 11 12 14 15 16 17 18 19 20 21 22 23 | 23.4
Maces & Flails | 4 5 6 7 9 10 11 12 14 15 16 17 18 19 20 21 22 23 | 23.4
Armour         | 3 4 5 6 7 8 10 11 12 13 15 16 17 18 19 20 21 22 23 | 23.4
Dodging        | 3 4 5 6 8 9 10 11 12 13 14 15 16 17 18 19 20 21 | 21.6
Evocations     | 2 4 5 7 8 9 10 11 12 13 14 15 16 17 | 17.2
Shields        | 4 6 9 10 12 13 14 16 17 18 | 18.9

Action                     |  1- 3 |  4- 6 |  7- 9 | 10-12 | 13-15 | 16-18 | 19-21 | 22-24 || total
---------------------------+-------+-------+-------+-------+-------+-------+-------+-------++-------
  Melee: Mace              |    13 |       |       |       |       |       |       |       ||    13
         Whip              |    76 |   141 |   459 |   738 |  1040 |       |       |       ||  2454
         Headbutt          |    18 |    29 |   107 |   186 |   365 |   276 |   430 |   432 ||  1843
         Punch             |       |     1 |     2 |    16 |    11 |       |       |       ||    30
         Demon whip        |       |       |       |       |   405 |  1070 |  1267 |  1229 ||  3971
 Invoke: Berserk           |       |     2 |     5 |     5 |    16 |    12 |    11 |    15 ||    66
         Trog's Hand       |       |       |       |     5 |    11 |     8 |     5 |     9 ||    38
         Brothers in Arms  |       |       |       |     1 |     4 |    21 |     7 |    15 ||    48
  Evoke: Wand              |       |       |       |       |    10 |    33 |    16 |    13 ||    72
         Phial of floods   |       |       |       |       |       |     1 |       |       ||     1
         Lightning rod     |       |       |       |       |       |       |       |     4 ||     4
         Condenser vane    |       |       |       |       |       |       |       |     1 ||     1
    Use: Scroll            |       |       |       |    17 |    17 |    12 |     3 |    13 ||    62
         Potion            |       |       |       |       |     3 |     4 |     4 |     9 ||    20
   Stab: Distracted        |       |       |       |       |     1 |     2 |     1 |     3 ||     7
         Confused          |       |       |       |       |       |       |       |     1 ||     1
 Armour: Animal skin       |     3 |       |       |       |       |       |       |       ||     3
         Plate armour      |    66 |   106 |   251 |   148 |       |       |       |       ||   571
         Crystal plate arm |       |       |       |   400 |  1036 |  1124 |  1070 |  1026 ||  4656
  Dodge: Dodged            |    54 |    46 |   215 |   276 |   787 |   725 |   749 |   896 ||  3748
  Block: Buckler           |       |       |       |       |   195 |   770 |   764 |   748 ||  2477
         Reflection        |       |       |       |       |    24 |    50 |    46 |     1 ||   121

Table legend: (Time is in decaauts)
 A = Elapsed time spent in this place.
 B = Non-inter-level travel time spent in this place.
 C = Inter-level travel time spent in this place.
 D = Time resting spent in this place.
 E = Time spent auto-exploring this place.
 F = Levels seen in this place.
 G = Mean time per level.
                   A        B        C        D        E       F      G
               +--------+--------+--------+--------+--------+-----+--------+
         Total |  62438 |  56985 |   5453 |  12941 |  29981 |  51 | 1224.3 |
       Dungeon |  18848 |  16483 |   2365 |   1864 |  11358 |  15 | 1256.5 |
          Lair |   8980 |   8278 |    702 |   1970 |   4737 |   5 | 1796.0 |
        Shoals |   5805 |   5609 |    196 |   1781 |   2421 |   4 | 1451.2 |
   Spider Nest |   5725 |   5447 |    278 |   2560 |   1620 |   4 | 1431.2 |
    Slime Pits |   1955 |   1927 |     28 |    867 |    668 |   5 |  391.0 |
  Orcish Mines |   2717 |   2251 |    466 |    519 |   1212 |   2 | 1358.5 |
   Elven Halls |   4137 |   3804 |    333 |    484 |   1880 |   3 | 1379.0 |
        Vaults |   8677 |   7760 |    917 |   1946 |   3713 |   5 | 1735.4 |
        Depths |   4644 |   4481 |    163 |    884 |   2040 |   4 | 1161.0 |
         Abyss |    824 |    824 |      0 |     28 |    276 |   3 |  274.7 |
         Sewer |    121 |    121 |      0 |     35 |     54 |   1 |  121.0 |
               +--------+--------+--------+--------+--------+-----+--------+

Top non-repeatable levels by time:
  Lair:3: 2633 daAuts
Vaults:5: 2565 daAuts
    D:13: 2350 daAuts
  Lair:4: 2253 daAuts
  Lair:5: 1909 daAuts
    D:15: 1865 daAuts
Shoals:3: 1828 daAuts
Spider:3: 1804 daAuts
Vaults:1: 1763 daAuts
Depths:4: 1747 daAuts
    D:12: 1644 daAuts
Vaults:2: 1638 daAuts
Spider:4: 1636 daAuts
    D:11: 1584 daAuts
     D:8: 1528 daAuts
